 Dungeon Crawl Stone Soup version 0.28.0-53-g5a82cb258f (webtiles) character file.

Game seed: 8019867586424658708

17129 Cape the Cleaver (level 12, -6/101 (106) HPs)
             Began as a Minotaur Berserker on Aug 9, 2022.
             Was a High Priest of Trog.
             Killed from afar by an orc sorcerer (22 damage)
             ... with a bolt of fire
             ... while paralysed by an orc sorcerer
             ... on level 2 of the Orcish Mines.
             The game lasted 00:58:39 (15500 turns).

Cape the Cleaver (Minotaur Berserker)              Turns: 15500, Time: 00:58:40

HP:   -6/101 (106)  AC: 17    Str: 26    XL:     12   Next: 16%
MP:   11/11         EV:  2    Int:  4    God:    Trog [*****.]
Gold: 1905          SH:  0    Dex: 11    Spells: 11/11 levels left

rFire   . . .      SeeInvis .   D - +2 hand axe (vamp)
rCold   . . .      Faith    .   Q - +0 tower shield
rNeg    . . .      Spirit   .   G - +0 plate armour
rPois   .          Reflect  +   (helmet restricted)
rElec   .          Harm     .   (no cloak)
rCorr   .          Rampage  .   b - +0 pair of gloves
Will    .....                   (no boots)
Stlth   ..........              P - amulet of reflection
HPRegen 0.26/turn               e - +4 ring of evasion
MPRegen 0.12/turn               (no ring)

@: paralysed, lightly drained, invisible (expiring)
A: horns 2, retaliatory headbutt
a: Renounce Religion, Berserk, Trog's Hand, Brothers in Arms


You were on level 2 of the Orcish Mines.
You worshipped Trog.
Trog was extremely pleased with you.
You visited 2 branches of the dungeon, and saw 11 of its levels.
You also visited: Sewer, Ossuary and Bailey.

You collected 2297 gold pieces.
You spent 392 gold pieces at shops.

Inventory:

Hand Weapons
 q - the +1 morningstar of Kuzohen {protect, rN+}
   (You found it on level 8 of the Dungeon)

   It grants its wielder temporary protection when it strikes (+7 to AC).
   rN:        It protects you from negative energy.
 D - a +2 vampiric hand axe (weapon)
 R - the +0 rapier of the Scorching Wolf {holy, Int+4 Dex+5}
   (You found it on level 9 of the Dungeon)

   It has been blessed by the Shining One to cause great damage to the undead
   and demons.
   Int:       It affects your intelligence (+4).
   Dex:       It affects your dexterity (+5).
 T - the +11 battleaxe of the Globe {vorpal, *Corrode rElec rC+ rN+}
   (Trog gifted it to you on level 1 of the Orcish Mines)

   It inflicts extra damage upon your enemies.
   rC:        It protects you from cold.
   rElec:     It insulates you from electricity.
   rN:        It protects you from negative energy.
   *Corrode:  It may corrode you when you take damage.
Missiles
 j - 34 boomerangs (quivered)
 H - 4 atropa-tipped darts
 J - 4 datura-tipped darts
 K - 12 curare-tipped darts
 L - 30 poisoned darts
Armour
 b - a +0 pair of gloves (worn)
 G - a +0 plate armour (worn)
 Q - a +0 tower shield (worn)
Jewellery
 c - a ring of ice
 e - a +4 ring of evasion (left hand)
 s - an amulet of faith
 P - an amulet of reflection (around neck)
 S - a ring of ice
Wands
 a - a wand of iceblast (7)
 g - a wand of flame (8)
 M - a wand of paralysis (8)
Scrolls
 d - 3 scrolls of enchant armour
 i - 6 scrolls of amnesia
 k - 2 scrolls of noise {unknown}
 l - a scroll of acquirement {unknown}
 m - 3 scrolls of magic mapping
 n - 4 scrolls of fog {unknown}
 r - 2 scrolls of fear
 t - 4 scrolls of blinking
 u - 7 scrolls of teleportation {unknown}
 y - 3 scrolls of enchant weapon {unknown}
 B - a scroll of brand weapon {unknown}
 C - 4 scrolls of vulnerability
 F - 4 scrolls of identify
 O - a scroll of immolation
Potions
 f - 2 potions of invisibility
 h - 4 potions of attraction
 o - 3 potions of brilliance {unknown}
 p - 2 potions of flight {unknown}
 v - 2 potions of lignification {unknown}
 w - a potion of magic {unknown}
 x - 6 potions of curing {unknown}
 z - 2 potions of degeneration {unknown}
 E - a potion of might {unknown}
 I - 2 potions of ambrosia {unknown}


   Skills:
 + Level 10.3 Fighting
 - Level 14.0 Axes
 * Level 13.8 Armour
 + Level 9.1 Dodging
 * Level 4.4 Shields


You had 11 spell levels left.
You didn't know any spells.
Your spell library was empty.

Dungeon Overview and Level Annotations

Branches:
Dungeon (9/15)             Temple (0/1) D:5             Orc (2/2) D:9
    Elf (0/3) Orc:2         Sewer (visited)         Ossuary (visited)
 Bailey (visited)
   Lair: D:8-11

Altars:
Fedhas
Nemelex Xobeh
Sif Muna
Trog
Vehumet
Xom
Yredelemnul

Shops:
D:3 ?   Orc:2 !


Innate Abilities, Weirdness & Mutations

You have a pair of horns on your head.
You reflexively headbutt those who attack you in melee.


Message History

You hit the orc warrior.
You feel better.
You kill the orc warrior!
Trog accepts your kill.
You feel less confused.
A magic dart appears from out of thin air!
The magic dart hits you but does no damage.
The orc sorcerer hits you with a +0 dagger.
* * * LOW HITPOINT WARNING * * *
You block the orc sorcerer's attack.
Blink to where?
Press: ? - help, Dir - move target You can't see that place. [the floor.]
Okay, then.
As you read the scroll of fear, it crumbles to dust.
You assume a fearsome visage.
The orc priest looks frightened!
The orc sorcerer looks frightened!
An orc comes into view. It is wielding a +0 short sword.
The orc shouts!
The orc moves out of view.
Found an escape hatch in the ceiling.
The orc shouts!
The orc shouts!
The orc shouts!
The orc sorcerer gestures wildly while chanting.
The sun demon shouts!
The sun demon shouts!
Found Nookoiv's Distillery.
The sun demon shouts!
The sun demon shouts!
The sun demon shouts!
The sun demon shouts!
You flicker for a moment.
The sun demon shouts!
The orc sorcerer points at you and mumbles some strange words.
You suddenly lose the ability to move!
The sun demon shouts!
The orc sorcerer casts a spell at you. The bolt of fire hits you!!
You die...

##....#.....................
####..........................
##..##...........>.............
#.....#.#.o........<...........
##.....#.#o..#................#
###.......3.................##
#.............≈.≈..........
##....#......≈≈.≈≈. .....
#...##....@.≈≈∩≈≈.
##.##.......≈≈≈≈≈.
..##.#.##....≈≈≈##
.......^........#..
#..................
###......####..#... ......
###... .... ..


You could see a sun demon (summoned), an orc sorcerer and an orc.

Vanquished Creatures
  An ogre mage (Orc:1)
  A centaur warrior (D:9)
  A two-headed ogre (Orc:1)
  The ghost of Condegh the Digger, a novice GrEE of Vehumet (D:8)
  Pikel (D:7)
  A deep elf pyromancer (D:9)
  2 orc knights
  3 orc sorcerers (Orc:1)
  An ugly thing (D:8)
  2 cyclopes (D:9)
  Joseph (D:9)
  A gargoyle (D:9)
  A slime creature (D:9)
  Prince Ribbit (D:9)
  A wraith (D:9)
  4 wyverns
  A steam dragon (D:9)
  5 yaks (D:8)
  The ghost of Tali the Chopper, an amateur DsBe of Trog (D:4)
  A vampire mosquito (D:9)
  A warg (D:9)
  2 water moccasins
  Pargi (Sewer)
  An ice beast (D:5)
  16 orc warriors
  A sky beast (D:7)
  A black bear (D:6)
  15 ogres
  A necrophage (D:6)
  5 centaurs
  2 lemures (D:7)
  2 phantoms
  8 kobold brigands
  A wyvern zombie (D:9)
  4 bullfrogs
  A scorpion (D:7)
  A gnoll sergeant (Orc:2)
  16 killer bees
  5 howler monkeys
  8 centaur zombies
  4 hounds
  A bullfrog skeleton (D:5)
  2 bullfrog zombies
  A jelly (D:5)
  A centaur skeleton (D:6)
  9 orc priests
  2 gnoll shamans
  4 iguanas
  Terence (D:3)
  12 orc wizards
  2 ogre zombies (Ossuary)
  2 hound skeletons (D:4)
  7 mummies (Ossuary)
  A howler monkey zombie (D:9)
  13 gnolls
  2 howler monkey skeletons
  8 adders
  A shadow imp (D:7)
  A howler monkey simulacrum (D:9)
  An adder zombie (Ossuary)
  2 worms (D:2)
  A dart slug (D:8)
  39 orcs
  9 ball pythons
  8 endoplasms
  7 giant cockroaches
  8 goblins
  8 hobgoblins
  10 jackals
  24 kobolds
  6 quokkas
  6 bats
  5 frilled lizards
  A gnoll zombie (Ossuary)
  5 goblin zombies (Ossuary)
  4 hobgoblin zombies (Ossuary)
  6 kobold zombies (Ossuary)
  3 quokka zombies (Ossuary)
  4 rats
  5 rat zombies (Ossuary)
359 creatures vanquished.

Vanquished Creatures (collateral kills)
  A gnoll (D:7)
1 creature vanquished.

Vanquished Creatures (others)
  5 plants (D:4)
5 creatures vanquished.

Grand Total: 365 creatures vanquished

Notes
Turn   | Place    | Note
-------+----------+-------------------------------------------
     0 | D:1      | Cape the Minotaur Berserker began the quest for the Orb.
     0 | D:1      | Reached XP level 1. HP: 19/19 MP: 0/0
   394 | D:1      | Reached XP level 2. HP: 27/27 MP: 1/1
   563 | D:1      | Reached skill level 4 in Axes
   982 | D:1      | Reached XP level 3. HP: 29/33 MP: 2/2
  1310 | D:2      | Reached ** piety under Trog
  1679 | D:2      | Reached XP level 4. HP: 40/40 MP: 3/3
  1993 | D:2      | Found a faded altar of an unknown god.
  2163 | D:3      | Found Quriurph's Magic Scroll Shop.
  2171 | D:3      | Bought a scroll of identify for 28 gold pieces
  2171 | D:3      | Bought a scroll of identify for 28 gold pieces
  2171 | D:3      | Bought a scroll of identify for 28 gold pieces
  2253 | D:3      | Found a blossoming altar of Fedhas.
  2309 | D:3      | Reached skill level 5 in Axes
  2309 | D:3      | Reached XP level 5. HP: 43/46 MP: 4/4
  2513 | D:3      | Noticed Terence
  2517 | D:3      | Killed Terence
  3022 | D:4      | Found a transporter.
  3081 | D:4      | Reached XP level 6. HP: 26/53 MP: 5/5
  3135 | D:4      | Found a transporter.
  3135 | D:4      | Noticed Tali's ghost (amateur DsBe)
  3367 | D:4      | Reached skill level 5 in Armour
  3405 | D:4      | Found a sand-covered staircase.
  3413 | Ossuary  | Entered an ossuary
  3535 | Ossuary  | Reached skill level 6 in Axes
  3583 | Ossuary  | Reached *** piety under Trog
  4007 | Ossuary  | Reached skill level 5 in Fighting
  4097 | Ossuary  | Reached XP level 7. HP: 51/61 MP: 6/6
  4916 | D:4      | Found a shimmering blue altar of Sif Muna.
  5141 | D:4      | Killed Tali's ghost
  5276 | D:3      | Bought a scroll of blinking for 105 gold pieces
  5276 | D:3      | Bought a scroll of fear for 49 gold pieces
  5276 | D:3      | Bought a scroll of magic mapping for 49 gold pieces
  5354 | D:5      | Entered Level 5 of the Dungeon
  5371 | D:5      | Found a bloodstained altar of Trog.
  5386 | D:5      | Reached skill level 7 in Axes
  5413 | D:5      | Found a glowing drain.
  5429 | Sewer    | Entered a sewer
  5451 | Sewer    | Reached **** piety under Trog
  5536 | Sewer    | Noticed Pargi
  5547 | Sewer    | Killed Pargi
  5626 | D:5      | Reached XP level 8. HP: 54/70 MP: 7/7
  5629 | D:5      | Found a staircase to the Ecumenical Temple.
  6170 | D:5      | Reached skill level 8 in Axes
  6791 | D:6      | Reached skill level 5 in Dodging
  7366 | D:6      | Reached skill level 9 in Axes
  7366 | D:6      | Reached XP level 9. HP: 76/78 MP: 8/8
  7871 | D:3      | Bought a scroll of vulnerability for 105 gold pieces
  8013 | D:7      | Noticed Pikel
  8034 | D:7      | Killed Pikel
  8223 | D:7      | Found a flagged portal.
  8230 | Bailey   | Entered a bailey
  8276 | Bailey   | Reached skill level 10 in Axes
  8748 | Bailey   | Reached skill level 10 in Armour
  8751 | Bailey   | Found a burning altar of Makhleb.
  8769 | Bailey   | Identified the +2 dagger "X" {drain, rPois Will+ Str-5
                  | Dex+2}
  9095 | D:7      | Found a basalt altar of Yredelemnul.
  9211 | D:7      | Found a radiant altar of Vehumet.
  9363 | D:7      | Reached XP level 10. HP: 71/88 MP: 9/9
  9803 | D:8      | Reached skill level 11 in Axes
  9927 | D:8      | Found a runed translucent door.
  9927 | D:8      | Noticed Condegh's ghost (novice GrEE)
  9927 | D:8      | Noticed a green ugly thing
 10102 | D:7      | Reached ***** piety under Trog
 10540 | D:8      | Found a sparkling altar of Nemelex Xobeh.
 10700 | D:8      | Found a shimmering altar of Xom.
 11057 | D:8      | Killed a green ugly thing
 11075 | D:8      | Killed Condegh's ghost
 11337 | D:8      | Identified the +1 morningstar of Kuzohen {protect, rN+}
 11375 | D:9      | Noticed Joseph
 11531 | D:9      | Killed Joseph
 11532 | D:9      | Reached skill level 12 in Axes
 11911 | D:9      | Reached XP level 11. HP: 72/97 MP: 10/10
 11964 | D:9      | Found a staircase to the Orcish Mines.
 12364 | D:9      | Noticed Prince Ribbit
 12371 | D:9      | Killed Prince Ribbit
 12440 | D:9      | Noticed an orc knight
 12463 | D:9      | Killed an orc knight
 12505 | D:9      | Identified the +0 rapier of the Scorching Wolf {holy, Int+4
                  | Dex+5}
 12581 | D:9      | Noticed a centaur warrior
 12596 | D:9      | Killed a centaur warrior
 12744 | D:9      | Reached skill level 13 in Axes
 12975 | D:9      | Noticed a deep elf pyromancer
 12984 | D:9      | Killed a deep elf pyromancer
 13330 | Orc:1    | Entered Level 1 of the Orcish Mines
 13351 | Orc:1    | Reached skill level 1 in Shields
 13443 | Orc:1    | Noticed an ogre mage
 13449 | Orc:1    | Killed an ogre mage
 13566 | Orc:1    | Identified the +11 battleaxe of the Globe {vorpal, *Corrode
                  | rElec rC+ rN+} (Trog gifted it to you on level 1 of the
                  | Orcish Mines)
 13566 | Orc:1    | Received a gift from Trog
 13643 | Orc:1    | Reached skill level 10 in Fighting
 14000 | Orc:1    | Noticed an orc sorcerer
 14001 | Orc:1    | Noticed an orc sorcerer
 14007 | Orc:1    | Paralysed by an orc sorcerer for 2 turns
 14014 | Orc:1    | Paralysed by an orc sorcerer for 2 turns
 14034 | Orc:1    | Paralysed by an orc sorcerer for 5 turns
 14046 | Orc:1    | Killed an orc sorcerer
 14049 | Orc:1    | Killed an orc sorcerer
 14091 | Orc:1    | Noticed an orc knight
 14106 | Orc:1    | Killed an orc knight
 14107 | Orc:1    | Reached XP level 12. HP: 88/106 MP: 11/11
 14232 | Orc:1    | Noticed a two-headed ogre
 14245 | Orc:1    | Killed a two-headed ogre
 14561 | Orc:2    | Entered Level 2 of the Orcish Mines
 14944 | Orc:2    | Found a staircase to the Elven Halls.
 15071 | Orc:2    | Paralysed by an orc sorcerer for 6 turns
 15096 | Orc:1    | Reached skill level 14 in Axes
 15494 | Orc:2    | Found Nookoiv's Distillery.
 15498 | Orc:2    | Paralysed by an orc sorcerer for 7 turns
 15500 | Orc:2    | Killed from afar by an orc sorcerer

Illustrated notes

Levels and vault maps discovered:
D:1:      dpeg_arrival_rooms_with_view, layout_loops_corners
D:2:      layout_basic, hellmonk_ecumenical_altar_leap_of_faith
D:3:      layout_basic, lemuel_round_altar, serial_shops, shop, uniq_terence
D:4:      layout_basic, kennysheep_orc_sif_temple, enter_ossuary_1,
          gammafunk_ghost_arena, serial_bayou_pond_a
D:5:      layout_gridville, mainiacjoe_overflow_24_doors,
          minmay_temple_entry_trees, cheibrodos_sewer_entry_drain,
          serial_rivers, chequers_serial_rivers_small_3,
          chequers_serial_rivers_micro_b, chequers_serial_rivers_small_a,
          chequers_serial_rivers_room_a, chequers_serial_rivers_marsh
D:6:      layout_basic
D:7:      layout_basic, mainiacjoe_overflow_alcove_1,
          mainiacjoe_overflow_surrounded_room, enter_bailey_2,
          minmay_misc_feat_ornament, uniq_pikel
D:8:      layout_basic, nicolae_overflow_hidden_temple, tgw_xom,
          ebering_ghost_inner_flame, minivault_26
D:9:      minmay_the_grid_net [minmay_the_grid_dragon_a,
          minmay_the_grid_spin_star, minmay_the_grid_medium_cups,
          minmay_the_grid_minigrid_small_alt, minmay_the_grid_armoury,
          minmay_the_grid_prize_four_corners], layout_rooms, david_orc_3,
          uniq_prince_ribbit1, uniq_joseph
Orc:1:    layout_diamond_mine, mines4_lemuel
Orc:2:    grunt_orc_cross, layout_caves, serial_shops, nicolae_shop_waterfront

Skill      XL: |  1  2  3  4  5  6  7  8  9 10 11 12 |
---------------+-------------------------------------+-----
Axes           | 4 5 6 7 9 10 12 13 14 | 14.0
Armour         | 3 4 5 7 8 10 12 13 | 13.8
Fighting       | 4 5 6 7 9 10 | 10.3
Dodging        | 3 4 5 6 7 9 |  9.1
Shields        | 3 4 |  4.4

Action                   |  1- 3 |  4- 6 |  7- 9 | 10-12 || total
-------------------------+-------+-------+-------+-------++-------
Melee: Hand axe          |    66 |   233 |   373 |   544 ||  1216
       Headbutt          |    10 |    37 |    78 |   129 ||   254
       Punch             |       |     1 |     5 |     5 ||    11
Throw: Stone             |     8 |     7 |    12 |       ||    27
       Boomerang         |       |       |       |     3 ||     3
       Dart              |       |       |       |     2 ||     2
Invok: Berserk           |       |     2 |     5 |     8 ||    15
       Brothers in Arms  |       |       |     1 |       ||     1
       Trog's Hand       |       |       |       |     1 ||     1
Evoke: Wand              |       |       |       |     3 ||     3
  Use: Scroll            |       |     3 |     1 |     1 ||     5
       Potion            |       |       |     1 |     2 ||     3
Armor: Animal skin       |     3 |       |       |       ||     3
       Scale mail        |     1 |    66 |     8 |       ||    75
       Chain mail        |       |       |   114 |       ||   114
       Plate armour      |       |       |    48 |   217 ||   265
Dodge: Dodged            |    52 |   168 |   237 |   278 ||   735
Block: Other             |       |       |       |    37 ||    37
       Reflection        |       |       |       |    11 ||    11
       Tower shield      |       |       |       |   198 ||   198
